 Dungeon Crawl Stone Soup version 0.28-a0-1435-g82390b3a13 (webtiles) character file.

Game seed: 5304150812760014954

56 gimp the Slasher (level 3, -6/31 HPs)
             Began as a Minotaur Gladiator on Jan 9, 2022.
             Mangled by a gnoll (8 damage)
             ... on level 2 of the Dungeon.
             The game lasted 00:03:13 (1823 turns).

gimp the Slasher (Minotaur Gladiator)               Turns: 1823, Time: 00:03:13

Health: -6/31      AC:  5    Str: 18    XL:     3   Next: 71%
Magic:  2/2        EV: 11    Int:  5    God:
Gold:   117        SH:  0    Dex: 13    Spells: 2/2 levels left

rFire   . . .      SeeInvis .   a - +0 long sword
rCold   . . .      Faith    .   (no shield)
rNeg    . . .      Spirit   .   h - +0 ring mail
rPois   .          Reflect  .   c - +0 hat
rElec   .          Harm     .   (no cloak)
rCorr   .          Rampage  .   (no gloves)
Will    .....                   (no boots)
Stlth   +.........              (no amulet)
HPRegen 0.10/turn               (no ring)
MPRegen 0.08/turn               (no ring)

@: no status effects
A: horns 2, retaliatory headbutt
a: no special abilities


You were on level 2 of the Dungeon.
You visited 1 branch of the dungeon, and saw 2 of its levels.

You collected 117 gold pieces.

Inventory:

Hand Weapons
 a - a +0 long sword (weapon)
Missiles
 d - 3 throwing nets (quivered)
Armour
 b - a +0 leather armour
 c - a +0 hat (worn)
 h - a +0 ring mail (worn)
Scrolls
 f - a scroll of magic mapping {unknown}
 g - a scroll of identify {unknown}


   Skills:
 + Level 3.4 Fighting
 * Level 5.1 Long Blades
 - Level 2.0 Throwing
 - Level 3.2 Dodging


You had 2 spell levels left.
You didn't know any spells.
Your spell library contained the following spells:

 Spells                   Type           Power      Damage    Failure   Level
 Sandblast                Erth           0%         2d4       67%         1
 Passwall                 Tmut/Erth      0%         N/A       82%         2
 Stone Arrow              Conj/Erth      0%         3d7       96%         3


Dungeon Overview and Level Annotations

Branches:
Dungeon (2/15)

Altars:

Shops:
D:1 =

Annotations:
D:1 Terence


Innate Abilities, Weirdness & Mutations

You have a pair of horns on your head.
You reflexively headbutt those who attack you in melee.


Message History

You feel sick.
The endoplasm quivers.
The giant cockroach bites you but does no damage.
You take 1 damage, and have 8/31 hp.
You feel sick.
You take 1 damage, and have 7/31 hp.
You feel sick.
You are no longer poisoned.
The endoplasm hits you but does no damage.
The adder bites you but does no damage.
You take 1 damage, and have 6/31 hp.
The endoplasm freezes you.
You are frozen.
* * * LOW HITPOINT WARNING * * *
You take 2 damage, and have 4/31 hp.
The endoplasm freezes you.
You are frozen.
* * * LOW HITPOINT WARNING * * *
You take 3 damage, and have 1/31 hp.
It was a potion of curing.
You feel better.
You regained 10 hp, and now have 11/31 hp.
The endoplasm hits you.
You take 1 damage, and have 10/31 hp. 3 gnolls come into view.
The gnoll shouts! x3
An adder comes into view.
An endoplasm comes into view.
The endoplasm quivers.
The endoplasm moves out of view.
The gnoll closely misses you. The adder misses you. The gnoll misses you.
The gnoll barely misses you. The gnoll hits you with a +0 spear.
* * * LOW HITPOINT WARNING * * *
There is a stone staircase leading up here.
You take 6 damage, and have 5/31 hp.
The adder bites you but does no damage. The adder closely misses you.
The gnoll closely misses you. The gnoll hits you with a +0 whip.
* * * LOW HITPOINT WARNING * * *
The gnoll hits you with a +0 spear!
You die...

#..........# ########
#..........# #......#
#....<.....# #......#
####.....### #......#
#.....# # #......#
###.....# #
#......####.......#####
#....gg.##..#..........
##....S@g##.#....##.rr##
....J..SJ##.#....##B###
...#####.##...#.#.S[# #
##B....r.r#.###
.##........)..#
#........##..รท#######
..........#...........
.####...........(.....
#...#..............


You could see 3 gnolls, 2 adders, 2 endoplasms and a giant cockroach.

Vanquished Creatures
  2 gnolls
  An adder (D:2)
  A ball python (D:1)
  2 endoplasms (D:1)
  A giant cockroach (D:1)
  4 goblins (D:1)
  4 hobgoblins
  2 quokkas (D:1)
  2 bats (D:1)
  2 kobolds
  5 rats (D:1)
26 creatures vanquished.

Notes
Turn   | Place    | Note
-------+----------+-------------------------------------------
     0 | D:1      | gimp the Minotaur Gladiator began the quest for the Orb.
     0 | D:1      | Reached XP level 1. HP: 18/18 MP: 0/0
   283 | D:1      | Reached skill level 4 in Long Blades
   287 | D:1      | Reached XP level 2. HP: 19/25 MP: 1/1
   465 | D:1      | Found Buoho's Jewellery Shoppe.
   917 | D:1      | Found a faded altar of an unknown god.
  1075 | D:1      | Reached XP level 3. HP: 30/31 MP: 2/2
  1171 | D:2      | HP: 1/31 [gnoll (5)]
  1488 | D:2      | Reached skill level 5 in Long Blades
  1648 | D:2      | Noticed Terence
  1809 | D:2      | HP: 1/31 [frozen (3)]
  1823 | D:2      | Mangled by a gnoll

Illustrated notes

Levels and vault maps discovered:
D:1:      erik_arrival_blinker_ship, layout_loops_ring, serial_shops,
          shop_coins, shapermc_ecumenical_altar_totnotflames,
          nicolae_grassy_gnolls
D:2:      layout_rooms, uniq_terence

Skill      XL: |  1  2  3 |
---------------+----------+-----
Long Blades    | 4 5 |  5.1
Fighting       | 3 |  3.4
Throwing       | |  2.0
Dodging        | |  3.2

Action                   || total
-------------------------++-------
Melee: Long sword        ||    61
       Headbutt          ||     6
  Use: Potion            ||     1
Armor: Leather armour    ||    16
       Ring mail         ||     7
Dodge: Dodged            ||    70

Table legend: (Time is in decaauts)
 A = Elapsed time spent in this place.
 B = Non-inter-level travel time spent in this place.
 C = Inter-level travel time spent in this place.
 D = Time resting spent in this place.
 E = Time spent auto-exploring this place.
 F = Levels seen in this place.
 G = Mean time per level.
                   A        B        C        D        E       F      G
               +--------+--------+--------+--------+--------+-----+--------+
         Total |   1835 |   1798 |     37 |    298 |   1108 |   2 |  917.5 |
       Dungeon |   1835 |   1798 |     37 |    298 |   1108 |   2 |  917.5 |
               +--------+--------+--------+--------+--------+-----+--------+

Top non-repeatable levels by time:
     D:1: 1578 daAuts
     D:2: 256 daAuts
